 Dungeon Crawl Stone Soup version 0.21-a0-508-gf08a75f (webtiles) character file.

1858 slep the Poker (level 8, -3/63 HPs)
             Began as a Demonspawn Fighter on Nov 29, 2017.
             Was a Believer of Okawaru.
             Slain by a cyclops (21 damage)
             ... on level 7 of the Dungeon.
             The game lasted 00:21:24 (5204 turns).

slep the Poker (Demonspawn Fighter)                 Turns: 5204, Time: 00:21:24

Health: -3/63      AC: 12    Str: 16    XL:     8   Next: 89%
Magic:  8/8        EV:  9    Int:  9    God:    Okawaru [**....]
Gold:   304        SH:  9    Dex: 12    Spells: 7/7 levels left

rFire    . . .     SeeInvis .   x - +8 war axe of True Grit {chop, rElec rPois rC+ Stlth-}
rCold    + + .     Gourm    .   c - +0 shield
rNeg     + . .     Faith    .   G - +4 ring mail {rC+}
rPois    +         Spirit   .   (no helmet)
rElec    +         Reflect  .   (no cloak)
rCorr    .         Harm     .   (no gloves)
MR       .....                  (boots unavailable)
Stlth    ..........             (no amulet)
HPRegen  0.20/turn              l - ring of positive energy
MPRegen  0.11/turn              (no ring)

@: no status effects
A: talons 3, slimy green scales 1, clumsy 1, weak 1
a: Heroism, Renounce Religion


You were on level 7 of the Dungeon.
You worshipped Okawaru.
Okawaru was pleased with you.
You were hungry.

You visited 2 branches of the dungeon, and saw 8 of its levels.

You collected 304 gold pieces.

Inventory:

Hand Weapons
 a - a +0 trident
 x - the +8 war axe of True Grit (weapon) {chop, rElec rPois rC+ Stlth-}
   (You found it on level 5 of the Dungeon)

   It inflicts extra damage upon your enemies.
   It protects you from cold.
   It insulates you from electricity.
   It protects you from poison.
   It makes you less stealthy.
Missiles
 t - a throwing net (quivered)
 D - 19 poisoned needles
Armour
 b - a +0 scale mail
 c - a +0 shield (worn)
 d - a +1 chain mail of cold resistance
 q - a +0 helmet
 G - a +4 ring mail of cold resistance (worn)
Jewellery
 l - a ring of positive energy (left hand)
 w - an uncursed ring of fire
Wands
 s - a wand of clouds (5)
 z - a wand of random effects (40)
Scrolls
 e - 4 scrolls of teleportation {unknown}
 g - 5 scrolls of remove curse {unknown}
 h - 2 scrolls of enchant weapon {unknown}
 m - 3 scrolls of immolation {unknown}
 o - 4 scrolls of identify {unknown}
 u - 2 scrolls of fog {unknown}
 v - a scroll of noise {unknown}
 C - a scroll of enchant armour {unknown}
 E - a scroll of fear {unknown}
Potions
 i - a potion of berserk rage
 k - a potion of haste
 n - a potion of flight {unknown}
 p - a potion of magic {unknown}
 r - a potion of curing {unknown}
 A - a potion of agility {unknown}
 F - a potion of might
Books
 y - a book of Misfortune

   Spells                             Type                      Level
   a - Confusing Touch                Hexes                        1
   b - Confuse                        Hexes                        3
   c - Gell's Gravitas                Translocation                3
   d - Petrify                        Transmutation/Earth          4
   e - Metabolic Englaciation         Hexes/Ice                    5
   f - Yara's Violent Unravelling     Hexes/Transmutation          5
Comestibles
 f - 4 bread rations
 j - 3 royal jellies
 B - a meat ration


   Skills:
 + Level 5.4 Fighting
 + Level 4.7(6.0) Axes
 + Level 5.5(6.3) Polearms
 + Level 5.1 Armour
 + Level 1.9 Dodging
 + Level 4.9 Shields


You had 7 spell levels left.
You didn't know any spells.

Dungeon Overview and Level Annotations

Branches:
Dungeon (7/15)             Temple (1/1) D:4

Altars:
Ashenzari
Cheibriados
Dithmenos
Elyvilon
Gozag
Hepliaklqana
Kikubaaqudgha
Makhleb
Nemelex Xobeh
Okawaru
Qazlal
Ru
Sif Muna
Trog
Uskayaw
Vehumet
Wu Jian
Xom
Yredelemnul
Zin


Innate Abilities, Weirdness & Mutations

You have claws for feet.
You are partially covered in slimy green scales. (AC +2)
You are clumsy. (Dex -2)
You are weak. (Str -2)


Message History

The iguana is heavily wounded.
You block the iguana's attack.
You slash the cyclops!
The cyclops is lightly wounded.
Unknown command.
You hit the cyclops. You claw the cyclops, but do no damage.
The cyclops is moderately wounded.
You block the cyclops's attack.
You hit the cyclops.
The cyclops is moderately wounded.
You block the cyclops's attack.
You barely miss the cyclops. You claw the cyclops.
The cyclops is heavily wounded.
You slash the cyclops!
The cyclops is severely wounded.
You block the cyclops's attack.
You slash the cyclops!
The cyclops is almost dead.
The cyclops hits you!!
You die...

.############.
.?...........
.#..........
............
..........#
.........#
#ll...... #C##...#
##.
######@##...#....
.................
#######.#..[.#.#
...#....#.#
#####.##.#.####
#.##.#....##
#..........#
########..))......#
#.........).......#


You could see a cyclops, an iguana and a leopard gecko.

Vanquished Creatures
  Edmund (D:4)
  Menkaure (D:4)
  A sky beast (D:6)
  A necrophage (D:6)
  2 ogres
  A phantom (D:5)
  A centaur (D:5)
  A bullfrog (D:6)
  2 scorpions
  5 wights (D:7)
  A howler monkey (D:5)
  3 crimson imps
  A bullfrog zombie (D:5)
  A hound (D:5)
  A quasit (D:5)
  2 bullfrog skeletons (D:6)
  Natasha (thrice) (D:3)
  3 worker ants
  2 worker ant zombies
  Robin (D:3)
  3 gnolls
  8 adders
  An ooze (D:3)
  An adder skeleton (D:6)
  2 adder zombies
  4 worms
  3 dart slugs
  5 leopard geckos
  12 orcs
  6 bats
  5 giant cockroaches
  18 goblins
  10 hobgoblins
  17 jackals
  10 kobolds
  4 quokkas
  3 ball pythons
  2 frilled lizards
  A jackal skeleton (D:5)
  10 rats
159 creatures vanquished.

Notes
Turn   | Place    | Note
-------+----------+-------------------------------------------
     0 | D:1      | slep the Demonspawn Fighter began the quest for the Orb.
     0 | D:1      | Reached XP level 1. HP: 18/18 MP: 1/1
   235 | D:1      | Gained mutation: You have sharp toenails. [demonic ancestry]
   235 | D:1      | Reached XP level 2. HP: 23/24 MP: 2/2
   316 | D:1      | Reached XP level 3. HP: 10/29 MP: 3/3
  1046 | D:2      | Gained mutation: You have razor-sharp toenails. [demonic ancestry]
  1046 | D:2      | Reached XP level 4. HP: 35/35 MP: 4/4
  1081 | D:2      | Found a shimmering altar of Xom.
  1410 | D:3      | Noticed Natasha
  1416 | D:3      | Killed Natasha
  1424 | D:3      | Gained mutation: You are partially covered in slimy green scales. (AC +2) [demonic ancestry]
  1424 | D:3      | Reached XP level 5. HP: 33/41 MP: 5/5
  1436 | D:3      | Found a radiant altar of Vehumet.
  1809 | D:3      | Noticed Robin
  1847 | D:3      | Killed Robin
  1941 | D:3      | Found a stormy altar of Qazlal.
  1951 | D:3      | Noticed Natasha
  1956 | D:3      | Killed Natasha
  2404 | D:3      | Noticed Natasha
  2412 | D:3      | Killed Natasha
  2449 | D:4      | Found a staircase to the Ecumenical Temple.
  2458 | Temple   | Entered the Ecumenical Temple
  2550 | Temple   | Became a worshipper of Warmaster Okawaru
  2587 | D:4      | Noticed an ogre
  2594 | D:4      | Killed an ogre
  2594 | D:4      | Reached skill level 1 in Dodging
  2594 | D:4      | Reached XP level 6. HP: 25/48 MP: 6/6
  2604 | D:4      | Noticed Edmund
  2617 | D:4      | Killed Edmund
  2617 | D:4      | Reached XP level 7. HP: 21/54 MP: 7/7
  2619 | D:4      | Reached * piety under Okawaru
  2881 | D:4      | Found a sparkling altar of Nemelex Xobeh.
  2918 | D:4      | Noticed Menkaure
  3063 | D:4      | HP: 1/54 [Menkaure (7)]
  3064 | D:4      | Killed Menkaure
  3624 | D:5      | Entered Level 5 of the Dungeon
  3634 | D:5      | Reached skill level 5 in Polearms
  3926 | D:5      | Reached ** piety under Okawaru
  3945 | D:5      | Got an ancient war axe
  3946 | D:5      | Identified the +8 war axe of True Grit {chop, rElec rPois rC+ Stlth-} (You found it on level 5 of the Dungeon)
  3991 | D:5      | Found an iron altar of Okawaru.
  4114 | D:5      | Gained mutation: You have claws for feet. [demonic ancestry]
  4114 | D:5      | Reached XP level 8. HP: 59/61 MP: 8/8
  4130 | D:5      | Found a sparkling altar of Nemelex Xobeh.
  4181 | D:5      | Reached skill level 5 in Fighting
  4636 | D:6      | Reached skill level 1 in Axes
  4661 | D:6      | Gained mutation: You have a pair of small antennae on your head. [mutagenic meat]
  4662 | D:6      | Gained mutation: You have sharp fingernails. [mutagenic meat]
  4663 | D:6      | Lost mutation: You have a pair of small antennae on your head. [mutagenic meat]
  4664 | D:6      | Lost mutation: You have sharp fingernails. [mutagenic meat]
  4665 | D:6      | Gained mutation: You are weak. (Str -2) [mutagenic meat]
  4666 | D:6      | Gained mutation: You are clumsy. (Dex -2) [mutagenic meat]
  5164 | D:7      | Reached skill level 5 in Armour
  5192 | D:7      | Noticed a cyclops
  5204 | D:7      | Slain by a cyclops

Vault maps used:
D:1:      sevenhm_arrival_forest_fort_small_4
D:2:      nicolae_overflow_crystal_walls
D:3:      nicolae_overflow_hidden_temple, lemuel_coloured_pillars_altar,
          uniq_natasha, uniq_robin
D:4:      minmay_temple_entry_junction_2, first_bread, chequers_big_river,
          nemelex_spade_bored_becter, uniq_edmund, uniq_menkaure
D:5:      cheibrodos_iron_armory, basic_altar, okawaru_altar_gauntlet_db
D:7:      minmay_curled_crystal
Temple:   eino_narrow_crystal_temple

Skill      XL: |  1  2  3  4  5  6  7  8 |
---------------+-------------------------+-----
Polearms       | 2 4 5 |  5.5
Armour         | 3 4 5 |  5.1
Shields        | 3 4 |  4.9
Fighting       | 4 5 |  5.4
Dodging        | 1 |  1.9
Axes           | 4 |  4.7

Action                   |  1- 3 |  4- 6 |  7- 9 || total
-------------------------+-------+-------+-------++-------
Melee: Trident           |    89 |   191 |    92 ||   372
       Kick              |    13 |    47 |    51 ||   111
       War axe           |       |       |    95 ||    95
  Use: Potion            |       |     1 |     1 ||     2
  Eat: Chunk             |       |     6 |    14 ||    20
Armor: Scale mail        |    25 |    82 |    17 ||   124
       Chain mail        |       |       |    95 ||    95
       Ring mail         |       |       |     8 ||     8
Dodge: Dodged            |    23 |    64 |    55 ||   142
Block: Shield            |    40 |    92 |   100 ||   232

Table legend:
 A = Spawn XP
 B = Non-spawn XP
 C = Spawn XP percentage of total XP
 D = Spawn monster count
 E = Non-spawn monster count
 F = Spawn count percentage of total count
 G = Total turns spent on level
                    A         B        C        D         E        F      G
               +---------+---------+-------+---------+---------+-------+---------
         Total |       0 |    2655 |   0.0 |       0 |     159 |   0.0 |  5204
               +---------+---------+-------+---------+---------+-------+---------
           D:1 |       0 |      65 |   0.0 |       0 |      23 |   0.0 |   733
           D:2 |       0 |      79 |   0.0 |       0 |      23 |   0.0 |   623
           D:3 |       0 |     221 |   0.0 |       0 |      40 |   0.0 |  1213
           D:4 |       0 |     544 |   0.0 |       0 |      15 |   0.0 |   945
           D:5 |       0 |     668 |   0.0 |       0 |      32 |   0.0 |   970
           D:6 |       0 |     738 |   0.0 |       0 |      20 |   0.0 |   543
           D:7 |       0 |     340 |   0.0 |       0 |       6 |   0.0 |    67
               +---------+---------+-------+---------+---------+-------+---------
